 Dungeon Crawl Stone Soup version 0.30-a0-341-g682706514a (webtiles) character file.

Game seed: 7104461985661200876

1279 tilp the Grave Robber (level 8, -6/60 HPs)
             Began as a Mummy Necromancer on Nov 2, 2022.
             Mangled by a killer bee (7 damage)
             ... on level 6 of the Dungeon.
             The game lasted 00:06:59 (4521 turns).

tilp the Grave Robber (Mummy Necromancer)           Turns: 4521, Time: 00:07:00

Health: -6/60      AC:  7    Str: 11    XL:     8   Next: 29%
Magic:  6/15       EV: 13    Int: 16    God:
Gold:   303        SH:  0    Dex: 19    Spells: 8/16 levels left

rFire   . . .      SeeInvis .    a - +8 trident of the Octopus King {venom, rElec rPois}
rCold   + + .      Faith    +    (no shield)
rNeg    + + +      Spirit   .    v - +1 robe {Will+}
rPois   ∞          Reflect  .    (no helmet)
rElec   +          Harm     .    g - scarf {rC+ rF+}
rCorr   .          Rampage  .    (no gloves)
Will    ++...                    (no boots)
Stlth   +++.......               (no amulet)
HPRegen 0.30/turn                s - +4 ring of protection
MPRegen 0.14/turn                f - +6 ring of dexterity

@: animating dead
A: cold resistance 1, negative energy resistance 3, torment resistance 2, heat
vulnerability 1, in touch with death 1, no potions, faith
a: no special abilities


You were on level 6 of the Dungeon.
You visited 1 branch of the dungeon, and saw 6 of its levels.

You collected 1176 gold pieces.
You spent 873 gold pieces at shops.

Inventory:

Hand Weapons
 a - the +8 trident of the Octopus King (weapon) {venom, rElec rPois}
   (You bought it in a shop on level 1 of the Dungeon)

   It poisons the flesh of those it strikes.
   rElec:     It insulates you from electricity.
   rPois:     It protects you from poison.
 b - a +1 dagger of flaming
Missiles
 e - 13 javelins
 q - 6 poisoned darts (quivered)
Armour
 c - a +0 ring mail
 g - a scarf of resistance (worn)
 i - a +0 cloak
 v - a +1 robe of willpower (worn)
Jewellery
 f - a +6 ring of dexterity (right hand)
 j - a ring of ice
 s - a +4 ring of protection (left hand)
Wands
 h - a wand of polymorph (7)
 k - a wand of iceblast (5)
 u - a wand of flame (6)
Scrolls
 d - 6 scrolls of teleportation
 l - a scroll of fog
 m - a scroll of magic mapping
 n - 2 scrolls of enchant weapon
 o - a scroll of immolation
 p - a scroll of poison
 r - a scroll of summoning
 t - 2 scrolls of blinking {unknown}


   Skills:
 + Level 3.8 Fighting
 - Level 3.0 Dodging
 + Level 3.5 Stealth
 + Level 4.9 Spellcasting
 * Level 7.6 Necromancy
 - Level 2.0 Evocations


You had 8 spell levels left.
You knew the following spells:

 Your Spells              Type           Power      Damage    Failure   Level
a - Necrotise             Necr           100%       1d9       1%          1
b - Vampiric Draining     Necr           42%        2d9       1%          3
c - Animate Dead          Necr           42%        N/A       7%          4

Your spell library contained the following spells:

 Spells                   Type           Power      Damage    Failure   Level
 Magic Dart               Conj           12%        1d3       16%         1
 Agony                    Necr           42%        N/A       19%         5
 Call Imp                 Summ           3%         N/A       24%         2
 Mephitic Cloud           Conj/Pois/Air  3%         N/A       43%         3


Dungeon Overview and Level Annotations

Branches:
Dungeon (6/15)
 Temple: D:4-7

Altars:
Ashenzari
Cheibriados
Dithmenos
Hepliaklqana
Makhleb
Ru
Sif Muna
Uskayaw

Shops:
D:1 (


Innate Abilities, Weirdness & Mutations

You are immune to poison.
Your flesh is cold resistant. (rC+)
You are immune to negative energy. (rN+++)
You are immune to unholy pain and torment.
You are vulnerable to heat. (rF-)
You are in touch with the powers of death.
You do not drink.
You have a special connection with the divine. (Faith)


Message History

You miss the killer bee. The killer bee barely misses you.
The killer bee stings you but does no damage.
The killer bee closely misses you. The killer bee completely misses you.
The killer bee barely misses you. The killer bee misses you.
The killer bee barely misses you. The killer bee stings you!
* * * LOW HITPOINT WARNING * * *
Unknown command.
Casting: Animate Dead (dangerous; 7% risk of failure)
Confirm with . or Enter, or press ? or * to list all spells.
Aiming: Vampiric Draining (safe; 1% risk of failure)
Press: ? - help, Shift-Dir - straight line, f - killer bee
Aim: a killer bee You feel a surge of power!
You draw life force from the killer bee!
You feel life coursing into your body.
The killer bee stings you but does no damage.
The killer bee stings you.
* * * LOW HITPOINT WARNING * * *
The killer bee barely misses you.
The killer bee stings you but does no damage.
The killer bee closely misses you.
The killer bee stings you but does no damage.
The killer bee misses you.
The killer bee stings you but does no damage.
Casting: Vampiric Draining (safe; 1% risk of failure)
Confirm with . or Enter, or press ? or * to list all spells.
Aiming: Vampiric Draining (safe; 1% risk of failure)
Press: ? - help, Shift-Dir - straight line, f/p - killer bee
Aim: a killer bee (severely wounded)
You feel a surge of power!
You draw life force from the killer bee.
You feel life coursing into your body. The killer bee stings you.
* * * LOW HITPOINT WARNING * * *
The killer bee stings you.
* * * LOW HITPOINT WARNING * * *
The killer bee stings you but does no damage.
The killer bee stings you.
* * * LOW HITPOINT WARNING * * *
The killer bee closely misses you. The killer bee stings you!
You die...

# ## ..#
.################# #..#
.................####...#
#..................#....#
###.....................#
#....................#
##......#######yy.....##
#...##### #@yl......
##.### ##yy...... #.##
#c....... .## #........
## ......... # .......##
...#..## #####...


You could see a centaur, an iguana and 5 killer bees.

Vanquished Creatures
  Grinder (D:4)
  Sigmund (D:5)
  Menkaure (D:5)
  A water moccasin (D:5)
  2 ogres
  Blork the orc (D:5)
  A scorpion (D:5)
  A killer bee (D:6)
  2 hounds
  4 iguanas
  Jessica (D:2)
  Ijyb (D:5)
  An orc wizard (D:5)
  7 adders
  A white imp (D:5)
  An ufetubus (D:5)
  3 worms
  3 dart slugs
  6 orcs
  5 endoplasms
  3 giant cockroaches
  4 goblins
  2 hobgoblins
  7 jackals
  3 quokkas
  A ball python (D:2)
  7 bats
  2 frilled lizards (D:3)
  5 kobolds
  2 rats (D:2)
80 creatures vanquished.

Vanquished Creatures (others)
  5 plants (D:6)
5 creatures vanquished.

Grand Total: 85 creatures vanquished

Notes
Turn   | Place    | Note
-------+----------+-------------------------------------------
     0 | D:1      | tilp the Mummy Necromancer began the quest for the Orb.
     0 | D:1      | Reached XP level 1. HP: 13/13 MP: 4/4
   238 | D:1      | Found Erareff Piat's Weapon Shop.
   265 | D:1      | Reached XP level 2. HP: 14/20 MP: 1/5
   818 | D:2      | Reached skill level 1 in Fighting
   860 | D:2      | Noticed Jessica
  1103 | D:2      | Gained mutation: You are in touch with the powers of death.
                  | [Mummy growth]
  1103 | D:2      | Reached XP level 3. HP: 16/26 MP: 0/7
  1304 | D:2      | Found a faded altar of an unknown god.
  1757 | D:1      | Identified a scroll of acquirement
  1757 | D:1      | Acquired 891 gold pieces
  1801 | D:1      | Bought the +8 trident of the Octopus King {venom, rElec
                  | rPois} for 873 gold pieces
  1801 | D:1      | Found the +8 trident of the Octopus King {venom, rElec
                  | rPois}
  1860 | D:2      | Killed Jessica
  2101 | D:3      | Reached XP level 4. HP: 30/33 MP: 8/8
  2289 | D:3      | Found a snail-covered altar of Cheibriados.
  2325 | D:3      | Found a hazy altar of Hepliaklqana.
  2411 | D:3      | Reached skill level 5 in Necromancy
  2415 | D:3      | Learned a level 3 spell: Vampiric Draining
  2457 | D:3      | Found a hide-covered altar of Uskayaw.
  2568 | D:3      | Found a shimmering blue altar of Sif Muna.
  2947 | D:4      | Found a burning altar of Makhleb.
  2950 | D:4      | Found a sacrificial altar of Ru.
  2950 | D:4      | Found a broken altar of Ashenzari.
  2951 | D:4      | Noticed an ogre
  2957 | D:4      | Killed an ogre
  2958 | D:4      | Reached skill level 6 in Necromancy
  2958 | D:4      | Reached XP level 5. HP: 38/38 MP: 9/9
  3128 | D:4      | Noticed Grinder
  3128 | D:4      | Paralysed by Grinder for 5 turns
  3139 | D:4      | Killed Grinder
  3140 | D:4      | Reached skill level 1 in Evocations
  3140 | D:4      | Reached XP level 6. HP: 18/46 MP: 9/11
  3444 | D:4      | Learned a level 4 spell: Animate Dead
  3469 | D:5      | Entered Level 5 of the Dungeon
  3576 | D:5      | Found a shadowy altar of Dithmenos.
  3632 | D:5      | Reached XP level 7. HP: 48/51 MP: 12/12
  3820 | D:5      | Noticed Sigmund
  3825 | D:5      | Noticed Ijyb
  3826 | D:5      | Killed Sigmund
  3835 | D:5      | Killed Ijyb
  3946 | D:5      | Noticed Blork the orc
  3953 | D:5      | Killed Blork the orc
  4018 | D:5      | Noticed Menkaure
  4023 | D:5      | Killed Menkaure
  4024 | D:5      | Reached skill level 7 in Necromancy
  4072 | D:5      | Reached XP level 8. HP: 39/58 MP: 14/14
  4521 | D:6      | HP: 1/60 [killer bee (6)]
  4521 | D:6      | Mangled by a killer bee

Illustrated notes

Levels and vault maps discovered:
D:1:      dpeg_arrival_oval, layout_rooms, serial_shops,
          nicolae_shop_hallway_plus, minmay_strange_pillars
D:2:      layout_loops_cross, hellmonk_ecumenical_altar_crossroads, uniq_jessica
D:3:      layout_loops_ring, amcnicky_altar_gilded,
          mainiacjoe_overflow_chevrons, nicolae_uskayaw_suspiria,
          marbit_many_paths, corexii_leaking_fountain
D:4:      layout_rooms, chequers_temple_overflow_statue_of_worship,
          mainiacjoe_overflow_catwalk, serial_bayou_lagoon_a,
          nicolae_figureground_sparkle, uniq_grinder
D:5:      layout_rooms, mainiacjoe_overflow_paths,
          hangedman_abyss_or_decor_jellyfish_corner,
          minmay_fractal_squares_diagonal_5, uniq_menkaure, uniq_sigmund,
          uniq_ijyb, uniq_blork_the_orc
D:6:      layout_layer_cave, nicolae_vehumet_altar_sigil,
          minmay_temple_entry_gardened_gates, uniq_edmund

Skill      XL: |  1  2  3  4  5  6  7 |
---------------+----------------------+-----
Fighting       | 1 2 3 |  3.8
Spellcasting   | 3 4 |  4.9
Dodging        | 2 3 |  3.0
Stealth        | 2 3 |  3.5
Necromancy     | 6 7 |  7.6
Evocations     | 1 2 |  2.0

Action                   |  1- 3 |  4- 6 |  7- 9 || total
-------------------------+-------+-------+-------++-------
Melee: Dagger            |    59 |       |       ||    59
       Punch             |     1 |     1 |       ||     2
       Trident           |     7 |    89 |    55 ||   151
Throw: Dart              |       |     2 |     4 ||     6
       Javelin           |       |     1 |       ||     1
 Cast: Necrotise         |    29 |       |       ||    29
       Vampiric Draining |       |     1 |     4 ||     5
       Animate Dead      |       |       |     1 ||     1
  Use: Scroll            |     9 |     4 |       ||    13
 Stab: Sleeping          |     4 |     3 |       ||     7
       Distracted        |       |     2 |       ||     2
Armor: Robe              |    16 |    11 |    26 ||    53
Dodge: Dodged            |    53 |    48 |    37 ||   138

Table legend: (Time is in decaauts)
 A = Elapsed time spent in this place.
 B = Non-inter-level travel time spent in this place.
 C = Inter-level travel time spent in this place.
 D = Time resting spent in this place.
 E = Time spent auto-exploring this place.
 F = Levels seen in this place.
 G = Mean time per level.
                   A        B        C        D        E       F      G
               +--------+--------+--------+--------+--------+-----+--------+
         Total |   4566 |   4314 |    252 |    303 |   3325 |   6 |  761.0 |
       Dungeon |   4566 |   4314 |    252 |    303 |   3325 |   6 |  761.0 |
               +--------+--------+--------+--------+--------+-----+--------+

Top non-repeatable levels by time:
     D:2: 1064 daAuts
     D:5: 926 daAuts
     D:1: 867 daAuts
     D:3: 794 daAuts
     D:4: 769 daAuts
     D:6: 145 daAuts
